PAAA
ROYSE CITY TARGARYENS @ MILTON DOGFISH HEAD
07/16/2030
 
TOP OF THE 1ST
Royse City Targaryens batting - Pitching for Milton Dogfish Head : RHP Francisco Barrios
Pitching: RHP Francisco Barrios
Batting: RHB Javier Chávez 0-0: SINGLE (Flyball, 8LS)
Batting: RHB Chi-ju Zhang 0-0: Ball
1-0: Fly out, F9 (Line Drive, 9)
Batting: LHB Juan Macíel 0-0: Fielders Choice at 2nd, 1-6 (Groundball, P)
Batting: LHB Terrence Eler 0-0: Called Strike
Juan Macíel steals 2nd base
0-1: Called Strike
0-2: Ball
1-2: Strikes out looking
Top of the 1st over - 0 runs, 1 hit, 0 errors, 1 left on base; Royse City 0 - Milton 0
BOTTOM OF THE 1ST
Milton Dogfish Head batting - Pitching for Royse City Targaryens : LHP Gustavo Tobías
Pitching: LHP Gustavo Tobías
Batting: LHB Edward Woodstock 0-0: Ball
1-0: Foul Ball, location: 2F
1-1: Ground out 1-3 (Groundball, P)
Batting: SHB Enrique Costello 0-0: Ball
1-0: Swinging Strike
1-1: Foul Ball, location: 2F
1-2: Ball
2-2: DOUBLE (Line Drive, 9LM)
Batting: RHB Yves Girard 0-0: Ball
1-0: Ball
2-0: Ball
3-0: Base on Balls
Batting: RHB Rich Flannery 0-0: Ball
1-0: Called Strike
1-1: Ball
2-1: Called Strike
2-2: Grounds into double play, 6-4-3 (Groundball, 6)
Bottom of the 1st over - 0 runs, 1 hit, 0 errors, 1 left on base; Royse City 0 - Milton 0
TOP OF THE 2ND
Royse City Targaryens batting - Pitching for Milton Dogfish Head : RHP Francisco Barrios
Batting: RHB Alberto Vargas 0-0: Ball
1-0: Swinging Strike
1-1: Ground out 5-3 (Groundball, 56)
Batting: LHB Gonzalo Álvarez 0-0: Ball
1-0: Called Strike
1-1: Called Strike
1-2: Ball
2-2: Fly out, F8 (Flyball, 8RS)
Batting: RHB Felipe Campos 0-0: Ball
1-0: Foul Ball, location: 2F
1-1: Ball
2-1: Ball
3-1: Fly out, F9 (Flyball, 9)
Top of the 2nd over - 0 runs, 0 hits, 0 errors, 0 left on base; Royse City 0 - Milton 0
BOTTOM OF THE 2ND
Milton Dogfish Head batting - Pitching for Royse City Targaryens : LHP Gustavo Tobías
Batting: RHB Lorenzo Rosas 0-0: SOLO HOME RUN (Flyball, 7D), Distance : 404 ft
Batting: SHB Tony Walsh 0-0: Ball
1-0: Ground out 5-3 (Groundball, 56)
Batting: RHB Miguel Uribe 0-0: Ground out U3 (Groundball, 34)
Batting: SHB Alejandro Castillo 0-0: Ball
1-0: Foul Ball, location: 2F
1-1: Foul Ball, location: 2F
1-2: Ball
2-2: Ball
3-2: Foul Ball, location: 2F
3-2: Base on Balls
Batting: LHB Víctor Robledo 0-0: Ball
1-0: Swinging Strike
1-1: Foul Ball, location: 2F
1-2: Ground out 4-3 (Groundball, 4)
Bottom of the 2nd over - 1 run, 1 hit, 0 errors, 1 left on base; Royse City 0 - Milton 1
TOP OF THE 3RD
Royse City Targaryens batting - Pitching for Milton Dogfish Head : RHP Francisco Barrios
Batting: LHB Ashley Thachi 0-0: Ball
1-0: SINGLE (Line Drive, 3D)
Batting: RHB Charlie Rhodes 0-0: Called Strike
0-1: Foul Ball, location: 2F
0-2: Ball
1-2: Ball
2-2: SINGLE (Groundball, 56) (infield hit)
Ashley Thachi to second
Batting: RHB Javier Chávez 0-0: Called Strike
0-1: Ball
1-1: Ball
2-1: Foul Ball, location: 2F
2-2: SINGLE (Flyball, 7S)
Ashley Thachi to third
Charlie Rhodes to second
Batting: RHB Chi-ju Zhang 0-0: Called Strike
0-1: Ground out 6-3 (Groundball, 6S)
Ashley Thachi scores
Charlie Rhodes to third
Javier Chávez to second
Batting: LHB Juan Macíel 0-0: Called Strike
0-1: SINGLE (Groundball, 6) (infield hit)
Charlie Rhodes scores
Javier Chávez to third
Batting: LHB Terrence Eler 0-0: Ball
Juan Macíel steals 2nd base
1-0: Ground out 4-3 (Groundball, 4S)
Javier Chávez scores
Juan Macíel to third
Batting: RHB Alberto Vargas 0-0: Ball
1-0: SINGLE (Groundball, 56D)
Juan Macíel scores
Batting: LHB Gonzalo Álvarez 0-0: Ball
Pickoff Throw to First - Out!
Top of the 3rd over - 4 runs, 5 hits, 0 errors, 0 left on base; Royse City 4 - Milton 1
BOTTOM OF THE 3RD
Milton Dogfish Head batting - Pitching for Royse City Targaryens : LHP Gustavo Tobías
Batting: LHB Edward Woodstock 0-0: Ball
1-0: Called Strike
1-1: Foul Ball, location: 2F
1-2: Ball
2-2: Foul Ball, location: 2F
2-2: Ball
3-2: Ground out 6-3 (Groundball, 6)
Batting: SHB Enrique Costello 0-0: Fly out, F8 (Flyball, 8LS)
Batting: RHB Yves Girard 0-0: Foul Ball, location: 2F
0-1: Ball
1-1: Called Strike
1-2: Ball
2-2: Ball
3-2: Base on Balls
Batting: RHB Rich Flannery 0-0: Ball
Yves Girard steals 2nd base
1-0: SINGLE (Flyball, 78M)
Yves Girard to third
Runner from 3rd tries for Home, SAFE, no throw
Batting: RHB Lorenzo Rosas 0-0: Ball
Wild Pitch!
Rich Flannery to second
1-0: Reached via error on a dropped throw, E3
Rich Flannery to third
Batting: SHB Tony Walsh 0-0: Fly out, F9 (Flyball, 9S)
Bottom of the 3rd over - 1 run, 1 hit, 1 error, 2 left on base; Royse City 4 - Milton 2
TOP OF THE 4TH
Royse City Targaryens batting - Pitching for Milton Dogfish Head : RHP Francisco Barrios
Batting: LHB Gonzalo Álvarez 0-0: Foul Ball, location: 2F
0-1: Foul Ball, location: 2F
0-2: Foul Ball, location: 2F
0-2: Ball
1-2: Foul Ball, location: 2F
1-2: Ball
2-2: Strikes out swinging
Batting: RHB Felipe Campos 0-0: Fly out, F3 (Line Drive, 3)
Batting: LHB Ashley Thachi 0-0: Ball
1-0: Ball
2-0: Called Strike
2-1: Called Strike
2-2: Fly out, F4 (Line Drive, 4)
Top of the 4th over - 0 runs, 0 hits, 0 errors, 0 left on base; Royse City 4 - Milton 2
BOTTOM OF THE 4TH
Milton Dogfish Head batting - Pitching for Royse City Targaryens : LHP Gustavo Tobías
Batting: RHB Miguel Uribe 0-0: Foul Ball, location: 2F
0-1: Ball
1-1: Ball
2-1: Called Strike
2-2: Foul Ball, location: 2F
2-2: Ball
3-2: Base on Balls
Batting: SHB Alejandro Castillo 0-0: Ball
1-0: Ball
2-0: Ball
3-0: Called Strike
3-1: Base on Balls
Miguel Uribe to second
Batting: LHB Víctor Robledo 0-0: Ball
1-0: Ball
2-0: Ground out 4-3 (Groundball, 4S)
Miguel Uribe to third
Alejandro Castillo to second
Batting: LHB Edward Woodstock 0-0: Called Strike
0-1: Ball
1-1: Ground out 5-3 (Groundball, 5)
Batting: SHB Enrique Costello 0-0: Foul Ball, location: 2F
0-1: Ball
1-1: Ball
2-1: Ball
3-1: Ground out 6-3 (Groundball, 6)
Bottom of the 4th over - 0 runs, 0 hits, 0 errors, 2 left on base; Royse City 4 - Milton 2
TOP OF THE 5TH
Royse City Targaryens batting - Pitching for Milton Dogfish Head : RHP Francisco Barrios
Batting: RHB Charlie Rhodes 0-0: Ball
1-0: Ball
2-0: Ball
3-0: Base on Balls
Batting: RHB Javier Chávez 0-0: Ball
1-0: Sac Bunt - play at first, batter OUT! 1-3
Charlie Rhodes to second
Batting: RHB Chi-ju Zhang 0-0: SINGLE (Flyball, 8LS)
Charlie Rhodes to third
Runner from 3rd tries for Home, SAFE, no throw
Batting: LHB Juan Macíel 0-0: Ball
1-0: Ball
Chi-ju Zhang is caught stealing 2nd base
2-0: Ball
3-0: Called Strike
3-1: Foul Ball, location: 2F
3-2: Base on Balls
Batting: LHB Terrence Eler 0-0: Ball
1-0: Fly out, F7 (Flyball, 7LS)
Top of the 5th over - 1 run, 1 hit, 0 errors, 1 left on base; Royse City 5 - Milton 2
BOTTOM OF THE 5TH
Milton Dogfish Head batting - Pitching for Royse City Targaryens : LHP Gustavo Tobías
Batting: RHB Yves Girard 0-0: Ground out 5-3 (Groundball, 5)
Batting: RHB Rich Flannery 0-0: Called Strike
0-1: Ball
1-1: Ball
2-1: Swinging Strike
2-2: Ball
3-2: Foul Ball, location: 2F
3-2: Fly out, F9 (Flyball, 9LSF)
Batting: RHB Lorenzo Rosas 0-0: Foul Ball, location: 2F
0-1: Foul Ball, location: 2F
0-2: Fly out, F7 (Flyball, 7LS)
Bottom of the 5th over - 0 runs, 0 hits, 0 errors, 0 left on base; Royse City 5 - Milton 2
TOP OF THE 6TH
Royse City Targaryens batting - Pitching for Milton Dogfish Head : RHP Francisco Barrios
Batting: RHB Alberto Vargas 0-0: SINGLE (Groundball, 56D)
Batting: LHB Gonzalo Álvarez 0-0: Ball
1-0: Called Strike
1-1: SINGLE (Groundball, 6MD)
Alberto Vargas to second
Pitching: RHP Vincente Ortíz
Batting: RHB Felipe Campos 0-0: Bunted foul
0-1: Bunt - Flyout! F1
Batting: LHB Ashley Thachi 0-0: Ball
Throwing error on steal attempt, E2
Alberto Vargas scores
Gonzalo Álvarez to third
1-0: Ball
2-0: SINGLE (Line Drive, 4D)
Gonzalo Álvarez scores
Batting: RHB Charlie Rhodes 0-0: Single, Error in OF, E8, batter to second base
Ashley Thachi to third
Batting: RHB Javier Chávez 0-0: Ball
1-0: Hit by Pitch
Batting: RHB Chi-ju Zhang 0-0: Called Strike
0-1: Foul Ball, location: 2F
0-2: Ball
1-2: Ball
2-2: Ball
3-2: Strikes out swinging
Batting: LHB Juan Macíel 0-0: Ball
1-0: Swinging Strike
1-1: SINGLE (Flyball, 7S)
Ashley Thachi scores
Charlie Rhodes to third
Javier Chávez to second
Runner from 3rd tries for Home, SAFE, throw made home
Batting: LHB Terrence Eler 0-0: Ball
Wild Pitch!
Javier Chávez to third
Juan Macíel to second
1-0: Swinging Strike
1-1: Ball
2-1: Ball
3-1: Foul Ball, location: 2F
3-2: 3-RUN HOME RUN (Flyball, 9D), Distance : 371 ft
Batting: RHB Alberto Vargas 0-0: Ball
1-0: Ball
2-0: Ball
3-0: Base on Balls
Batting: LHB Gonzalo Álvarez 0-0: Called Strike
0-1: Fly out, F8 (Flyball, 8RM)
Top of the 6th over - 7 runs, 6 hits, 2 errors, 1 left on base; Royse City 12 - Milton 2
BOTTOM OF THE 6TH
Milton Dogfish Head batting - Pitching for Royse City Targaryens : LHP Gustavo Tobías
Batting: SHB Tony Walsh 0-0: Ball
1-0: SINGLE (Groundball, 3D)
Batting: RHB Miguel Uribe 0-0: Ball
1-0: Called Strike
1-1: Fielders Choice at 2nd, 4-6 (Groundball, 4D)
Batting: SHB Alejandro Castillo 0-0: Ball
1-0: Foul Ball, location: 2F
1-1: Ball
2-1: Ball
Miguel Uribe steals 2nd base
3-1: Base on Balls
Batting: LHB Víctor Robledo 0-0: Fly out, F6 (Popup, P)
Batting: LHB Edward Woodstock 0-0: Foul Ball, location: 2F
0-1: Ball
1-1: Called Strike
1-2: Ground out 4-3 (Groundball, 4)
Bottom of the 6th over - 0 runs, 1 hit, 0 errors, 2 left on base; Royse City 12 - Milton 2
TOP OF THE 7TH
Royse City Targaryens batting - Pitching for Milton Dogfish Head : RHP Vincente Ortíz
Batting: RHB Felipe Campos 0-0: Foul Ball, location: 2F
0-1: Swinging Strike
0-2: DOUBLE (Flyball, 89D)
Batting: LHB Ashley Thachi 0-0: Ball
1-0: Ball
2-0: Called Strike
2-1: Fly out, F7 (Flyball, 7)
Batting: RHB Charlie Rhodes 0-0: Ground out 4-3 (Groundball, 4)
Felipe Campos to third
Batting: RHB Javier Chávez 0-0: Ball
1-0: Called Strike
1-1: Called Strike
1-2: Ball
2-2: Reached on error, E1 (Groundball, 15S)
Felipe Campos scores
Batting: RHB Chi-ju Zhang 0-0: Ball
1-0: Called Strike
1-1: Foul Ball, location: 2F
1-2: SINGLE (Groundball, 56D)
Javier Chávez to second
Batting: LHB Juan Macíel 0-0: Ball
1-0: Foul Ball, location: 2F
1-1: Ball
2-1: Foul Ball, location: 2F
2-2: SINGLE (Groundball, 56) (infield hit)
Javier Chávez to third
Chi-ju Zhang to second
Batting: LHB Terrence Eler 0-0: Foul Ball, location: 2F
0-1: Ball
1-1: Swinging Strike
1-2: Foul Ball, location: 2F
1-2: Ball
2-2: SINGLE (Groundball, 4D)
Javier Chávez scores
Chi-ju Zhang to third
Juan Macíel to second
Runner from 3rd tries for Home, throw and OUT!
Top of the 7th over - 2 runs, 4 hits, 1 error, 2 left on base; Royse City 14 - Milton 2
BOTTOM OF THE 7TH
Milton Dogfish Head batting - Pitching for Royse City Targaryens : LHP Gustavo Tobías
Batting: SHB Enrique Costello 0-0: Ball
1-0: SINGLE (Groundball, 56D)
Batting: RHB Yves Girard 0-0: Ball
1-0: Ball
2-0: Ball
3-0: Called Strike
3-1: Swinging Strike
3-2: Foul Ball, location: 2F
3-2: Foul Ball, location: 2F
3-2: Foul Ball, location: 2F
3-2: Foul Ball, location: 2F
3-2: Grounds into double play, 4-6-3 (Groundball, 4)
Batting: RHB Rich Flannery 0-0: Called Strike
0-1: Fly out, F8 (Flyball, 8RS)
Bottom of the 7th over - 0 runs, 1 hit, 0 errors, 0 left on base; Royse City 14 - Milton 2
TOP OF THE 8TH
Royse City Targaryens batting - Pitching for Milton Dogfish Head : RHP Vincente Ortíz
Batting: RHB Alberto Vargas 0-0: Ball
1-0: Ground out 6-3 (Groundball, 6MD)
Batting: LHB Gonzalo Álvarez 0-0: Called Strike
0-1: Foul Ball, location: 2F
0-2: Ball
1-2: Ball
2-2: Ball
3-2: SINGLE (Line Drive, 6S)
Pitching: LHP Joe Khokar
Batting: RHB Felipe Campos 0-0: Called Strike
0-1: Ball
1-1: Called Strike
1-2: Ball
2-2: Ball
3-2: SINGLE (Groundball, 6MD)
Gonzalo Álvarez to second
Runner from 2nd tries for 3rd, SAFE, no throw
Batting: LHB Ashley Thachi 0-0: Ball
1-0: Called Strike
1-1: Swinging Strike
1-2: Ball
Wild Pitch!
Gonzalo Álvarez scores
Felipe Campos to second
2-2: Foul Ball, location: 2F
2-2: Ball
3-2: Strikes out looking
Batting: RHB Charlie Rhodes 0-0: Ball
1-0: Called Strike
1-1: Ball
2-1: Ball
3-1: Foul Ball, location: 2F
3-2: Strikes out swinging
Top of the 8th over - 1 run, 2 hits, 0 errors, 1 left on base; Royse City 15 - Milton 2
BOTTOM OF THE 8TH
Milton Dogfish Head batting - Pitching for Royse City Targaryens : LHP Gustavo Tobías
Pitching: RHP Edgar Lankford
Batting: RHB Lorenzo Rosas 0-0: Called Strike
0-1: Foul Ball, location: 2F
0-2: Ball
1-2: Foul Ball, location: 2F
1-2: Ball
2-2: Ball
3-2: Foul Ball, location: 2F
3-2: Base on Balls
Batting: SHB Tony Walsh 0-0: Ball
1-0: Called Strike
1-1: Ball
2-1: Called Strike
2-2: Strikes out looking
Batting: RHB Miguel Uribe 0-0: Fly out, F3 (Line Drive, 4S)
Lined into DP, U3 (Line Drive, 4S)
Bottom of the 8th over - 0 runs, 0 hits, 0 errors, 0 left on base; Royse City 15 - Milton 2
TOP OF THE 9TH
Royse City Targaryens batting - Pitching for Milton Dogfish Head : LHP Joe Khokar
Batting: RHB Javier Chávez 0-0: Ground out 3-1 (Groundball, 34)
Pinch Hitting: RHB Junior Pittman 0-0: Fly out, F6 (Popup, 6MS)
Batting: LHB Juan Macíel 0-0: Ball
1-0: Ball
2-0: Ball
3-0: Called Strike
3-1: SINGLE (Line Drive, 78M)
Batting: LHB Terrence Eler 0-0: Ball
1-0: Called Strike
1-1: SINGLE (Flyball, 7LS)
Juan Macíel to second
Runner from 2nd tries for 3rd, SAFE, no throw
Batting: RHB Alberto Vargas 0-0: Ball
1-0: Ball
2-0: Foul Ball, location: 2F
2-1: Foul Ball, location: 2F
2-2: Ball
3-2: Base on Balls
Terrence Eler to second
Batting: LHB Gonzalo Álvarez 0-0: Ball
1-0: Ball
2-0: Fly out, F8 (Flyball, 8LS)
Top of the 9th over - 0 runs, 2 hits, 0 errors, 3 left on base; Royse City 15 - Milton 2
BOTTOM OF THE 9TH
Milton Dogfish Head batting - Pitching for Royse City Targaryens : RHP Edgar Lankford
Now in LF: Junior Pittman
Batting: SHB Alejandro Castillo 0-0: Foul Ball, location: 2F
0-1: Ball
1-1: Foul Ball, location: 2F
1-2: Ball
2-2: Ball
3-2: Foul Ball, location: 2F
3-2: Foul Ball, location: 2F
3-2: Base on Balls
Batting: LHB Víctor Robledo 0-0: Fly out, F7 (Flyball, 78M)
Pinch Hitting: LHB Francisco Ornelas 0-0: Foul Ball, location: 2F
0-1: SINGLE (Groundball, 56D)
Alejandro Castillo to second
Batting: SHB Enrique Costello 0-0: Ball
1-0: Ground out U3 (Groundball, 34S)
Alejandro Castillo to third
Francisco Ornelas to second
Batting: RHB Yves Girard 0-0: Called Strike
0-1: Called Strike
0-2: Strikes out swinging
Bottom of the 9th over - 0 runs, 1 hit, 0 errors, 2 left on base; Royse City 15 - Milton 2
Sunday, March 18th, 2018 - OOTP Baseball 18.8 Build 76